 Dungeon Crawl Stone Soup version 0.24-a0-235-g3f03afc (webtiles) character file.

Game seed: 8517499918283702955

115 xeno23 the Sneak (level 5, -6/35 HPs)
             Began as an Octopode Assassin on Apr 6, 2019.
             Killed from afar by an orc wizard (11 damage)
             ... with a puff of frost
             ... on level 3 of the Dungeon.
             The game lasted 00:04:32 (1292 turns).

xeno23 the Sneak (Octopode Assassin)                Turns: 1292, Time: 00:04:32

Health: -6/35      AC:  1    Str: 10    XL:     5   Next: 0%
Magic:  14/14      EV: 13    Int: 14    God:
Gold:   161        SH:  0    Dex: 14    Spells: 4/4 levels left

rFire    + . .     SeeInvis .   a - +2 dagger
rCold    . . .     Gourm    .   (no shield)
rNeg     . . .     Faith    .   (helmet restricted)
rPois    .         Spirit   .   (no amulet)
rElec    .         Reflect  .   h - ring of resist corrosion
rCorr    +         Harm     .   j - ring of magical power
MR       .....                  q - ring of protection from fire
Stlth    ++++......             (no ring)
HPRegen  0.11/turn              (no ring)
MPRegen  0.14/turn              (no ring)
                                (no ring)
                                (no ring)

@: no status effects
A: almost no armour, stealthy swim, amphibious, 8 rings, constrict 8, camouflage
1, gelatinous body 1
a: no special abilities


You were on level 3 of the Dungeon.
You were not hungry.

You visited 1 branch of the dungeon, and saw 3 of its levels.

You collected 161 gold pieces.

Inventory:

Hand Weapons
 a - a +2 dagger (weapon)
 b - a +0 blowgun
Missiles
 c - 8 poisoned needles
 d - 2 curare-tipped needles
 l - 3 javelins (quivered)
Jewellery
 h - a ring of resist corrosion (left tentacle)
 j - a ring of magical power (right tentacle)
 q - a ring of protection from fire (on tentacle)
Wands
 o - a wand of flame (8)
 r - a wand of random effects (16)
Scrolls
 e - a scroll of magic mapping {unknown}
 i - 2 scrolls of identify
 k - a scroll of fog {unknown}
 m - 2 scrolls of teleportation {unknown}
 n - a scroll of noise {unknown}
 p - a scroll of amnesia {unknown}
Potions
 g - 2 potions of curing
Comestibles
 f - 5 rations


   Skills:
 + Level 2.6 Fighting
 * Level 3.2 Short Blades
 + Level 2.6 Throwing
 - Level 1.0 Dodging
 * Level 6.5 Stealth


You had 4 spell levels left.
You didn't know any spells.
Your spell library was empty.

Dungeon Overview and Level Annotations

Branches:
Dungeon (3/15)

Altars:
Trog


Innate Abilities, Weirdness & Mutations

You cannot wear most types of armour.
You are very stealthy in the water. (Stealth+)
You are amphibious.
You can wear up to eight rings at the same time.
You can use your tentacles to constrict eight enemies at once.
Your skin changes colour to match your surroundings (Stealth+).
Your rubbery body absorbs attacks. (AC +1, EV +1)


Message History

Something hits you.
* * * LOW HITPOINT WARNING * * *
Something hits you.
* * * LOW HITPOINT WARNING * * *
Items here: )) [ ††† You take 4 damage.
A quokka comes into view.
Something hits you.
* * * LOW HITPOINT WARNING * * *
You take 2 damage.
As you read the scroll labeled TETOTAOZOG, it crumbles to dust.
It is a scroll of identify.
g - 3 potions of curing Something hits you but does no damage.
Something barely misses you.
You feel better. Something hits you.
* * * LOW HITPOINT WARNING * * *
You hear some strange, mumbled words.
A puff of frost appears from out of thin air!
The puff of frost hits you!
You die...

#.###)#### ..#
#.# #.# #.# #.#
#.#########.##
#............##
#.......[...).#
#.#########.#.##
#.#
#####.#)†######
#.#
#.....@.......#
#.#
#..####.####..#
#.# .... .... #
#. ### ......#
.......#
...._.....
.#.......#.#
#.#......r#.#


You could see a quokka (wandering).

Vanquished Creatures
  A hound (D:2)
  2 adders (D:2)
  2 worms (D:2)
  A leopard gecko (D:2)
  3 orcs (D:3)
  A giant cockroach (D:1)
  8 goblins
  7 hobgoblins
  6 jackals
  4 kobolds (D:1)
  2 quokkas (D:2)
  9 bats
  A frilled lizard (D:1)
  6 rats
53 creatures vanquished.

Notes
Turn   | Place    | Note
-------+----------+-------------------------------------------
     0 | D:1      | xeno23 the Octopode Assassin began the quest for the Orb.
     0 | D:1      | Reached XP level 1. HP: 14/14 MP: 1/1
    23 | D:1      | Reached XP level 2. HP: 12/19 MP: 2/2
   624 | D:2      | Reached XP level 3. HP: 24/24 MP: 2/3
   739 | D:2      | Reached skill level 6 in Stealth
   744 | D:2      | Reached XP level 4. HP: 23/30 MP: 4/4
   748 | D:2      | Found a faded altar of an unknown god.
  1268 | D:3      | Found a bloodstained altar of Trog.
  1287 | D:3      | Reached XP level 5. HP: 7/35 MP: 5/5
  1292 | D:3      | Killed from afar by an orc wizard

Levels and vault maps discovered:
D:1:      scummos_arrival_simple_fountains, layout_rooms
D:2:      layout_basic, first_ration, chequers_ecumenical_altar_simple
D:3:      layout_loops_ring, eat_drink_and_be_merry_uskayaw, old_standard_altar

Skill      XL: |  1  2  3 |
---------------+----------+-----
Stealth        | 6 |  6.5
Short Blades   | 3 |  3.2
Fighting       | |  2.6
Throwing       | |  2.6
Dodging        | |  1.0

Action                   |  1- 3 |  4- 6 || total
-------------------------+-------+-------++-------
Melee: Dagger            |    69 |    39 ||   108
       Constrict         |    18 |    10 ||    28
       Tentacles         |     9 |    12 ||    21
  Use: Scroll            |       |     1 ||     1
       Potion            |       |     1 ||     1
 Stab: Sleeping          |     7 |     4 ||    11
  Eat: Chunk             |       |     1 ||     1
Armor: Skin              |     7 |     3 ||    10
Dodge: Dodged            |    39 |    22 ||    61

Table legend:
 A = Non-vault XP
 B = Vault XP
 C = Vault XP percentage of total XP
 D = Non-vault monster count
 E = Vault monster count
 F = Vault count percentage of total count
                 A         B        C        D         E       F
            +---------+---------+-------+---------+---------+-------
      Total |     165 |       0 |   0.0 |      53 |       0 |   0.0
            +---------+---------+-------+---------+---------+-------
        D:1 |      27 |       0 |   0.0 |      17 |       0 |   0.0
        D:2 |     113 |       0 |   0.0 |      25 |       0 |   0.0
        D:3 |      25 |       0 |   0.0 |      11 |       0 |   0.0
            +---------+---------+-------+---------+---------+-------
